 Dungeon Crawl Stone Soup version 0.29.1-1-gd02db69 (webtiles) character file.

Game seed: 12515102482403190945

254 Jonnyslop the Slasher (level 5, -3/48 HPs)
             Began as a Minotaur Fighter on Mar 8, 2023.
             Slain by an orc priest
             ... wielding a +0 short sword
              (4 damage)
             ... on level 4 of the Dungeon on Mar 9, 2023.
             The game lasted 00:10:17 (3275 turns).

Jonnyslop the Slasher (Minotaur Fighter)            Turns: 3275, Time: 00:10:17

Health: -3/48      AC: 10    Str: 23    XL:     5   Next: 90%
Magic:  4/4        EV:  7    Int:  5    God:
Gold:   174        SH:  5    Dex:  9    Spells: 4/4 levels left

rFire   . . .      SeeInvis .   a - +1 long sword
rCold   . . .      Faith    .   c - +1 buckler
rNeg    . . .      Spirit   .   k - +0 chain mail
rPois   +          Reflect  .   (helmet restricted)
rElec   .          Harm     .   (no cloak)
rCorr   .          Rampage  .   (no gloves)
Will    .....                   i - +0 pair of boots
Stlth   ..........              (no amulet)
HPRegen 0.16/turn               f - ring of poison resistance
MPRegen 0.09/turn               (no ring)

@: studying Armour
A: horns 2, retaliatory headbutt
a: no special abilities


You were on level 4 of the Dungeon.
You visited 1 branch of the dungeon, and saw 7 of its levels.

You collected 174 gold pieces.

Inventory:

Hand Weapons
 a - a +1 long sword (weapon)
 d - a +1 falchion of electrocution
Armour
 b - a +0 scale mail
 c - a +1 buckler (worn)
 i - a +0 pair of boots (worn)
 k - a +0 chain mail (worn)
Jewellery
 f - a ring of poison resistance (left hand)
 g - a ring of wizardry
Wands
 j - a wand of charming (8)
Scrolls
 e - a scroll of blinking
 h - a scroll of teleportation
 n - a scroll of amnesia {unknown}
 q - a scroll of enchant weapon
Potions
 l - a potion of brilliance {unknown}
 o - a potion of attraction {unknown}


   Skills:
 + Level 5.2 Fighting
 * Level 6.1 Long Blades
 + Level 4.7 Armour
 - Level 3.6 Shields


You had 4 spell levels left.
You didn't know any spells.
Your spell library contained the following spells:

 Spells                   Type           Power      Damage    Failure   Level
 Magic Dart               Conj           0%         1d3       99%         1
 Searing Ray              Conj           0%         2d4       100%        2
 Fulminant Prism          Conj/Hex       0%         3d6       100%        4


Dungeon Overview and Level Annotations

Branches:
Dungeon (7/15)
 Temple: D:4-7

Altars:
Cheibriados
Hepliaklqana
Ru
Xom

Annotations:
D:5 Dowan, Duvessa
D:6 Pikel


Innate Abilities, Weirdness & Mutations

You have a pair of horns on your head.
You reflexively headbutt those who attack you in melee.


Message History

You headbutt the orc priest. The orc hits you with a +0 club.
You hit the orc priest. Your headbutt misses the orc priest.
The orc priest is lightly wounded.
The hound closely misses you. The orc priest completely misses you.
You furiously retaliate!
You headbutt the orc priest! The orc closely misses you.
The orc priest calls down the wrath of Beogh upon you.
You barely resist. The orc barely misses you. The hound bites you.
You barely miss the orc priest.
The orc priest is severely wounded.
The hound stops to sniff the ground.
You block the hound's attack.
The orc priest hits you with a +0 short sword.
The orc hits you with a +0 falchion.
The orc priest hits you but does no damage.
The orc barely misses you. You furiously retaliate!
You headbutt the orc!
You kill the orc!
The hound bites you but does no damage.
The orc priest invokes the aid of Beogh against you.
Beogh smites you!
* * * LOW HITPOINT WARNING * * *
You block the orc's attack.
You slash the orc!
You kill the orc!
The hound bites you.
* * * LOW HITPOINT WARNING * * *
You block the orc priest's attack.
The orc priest calls upon Beogh to heal the orc priest.
The orc priest's wounds heal themselves!
The orc hits you but does no damage. The hound attacks as you move away!
You block the hound's attack. The hound barely misses you.
You furiously retaliate!
You headbutt the hound! The orc priest completely misses you.
The orc priest hits you but does no damage.
You see here a +0 morningstar.
The orc priest closely misses you. The orc hits you with a +0 falchion.
* * * LOW HITPOINT WARNING * * *
The orc priest attacks as you move away!
The orc priest hits you with a +0 short sword.
You die...

###########
#..........
#.o........
#)h@.......
#>oo..............#
######
#.................#
.....##
#........[........#
......##
#########.........#
≈≈.≈≈..#
#.........#
.≈.≈...########
#.........#
.....≈........#
#.........#
≈...≈≈........#
#.........##


You could see a hound, 2 orc priests and an orc.

Vanquished Creatures
  An ogre (D:4)
  A jelly (D:4)
  Terence (D:3)
  Robin (D:3)
  2 adders (D:2)
  A worm (D:2)
  4 orcs
  12 ball pythons
  3 bats
  7 endoplasms
  17 goblins
  3 hobgoblins
  6 jackals
  4 quokkas
  7 frilled lizards
  4 kobolds
  2 rats (D:2)
76 creatures vanquished.

Vanquished Creatures (others)
  7 demonic plants (D:3)
  A fungus (D:3)
  4 withered plants (D:3)
12 creatures vanquished.

Grand Total: 88 creatures vanquished

Notes
Turn   | Place    | Note
-------+----------+-------------------------------------------
     0 | D:1      | Jonnyslop the Minotaur Fighter began the quest for the Orb.
     0 | D:1      | Reached XP level 1. HP: 19/19 MP: 0/0
   306 | D:1      | Reached skill level 3 in Long Blades
   312 | D:1      | Reached XP level 2. HP: 26/27 MP: 1/1
   774 | D:2      | Reached XP level 3. HP: 33/33 MP: 2/2
   886 | D:2      | Reached skill level 4 in Long Blades
  1369 | D:3      | Found a faded altar of an unknown god.
  1382 | D:3      | Noticed Robin
  1416 | D:3      | Killed Robin
  1417 | D:3      | Reached XP level 4. HP: 22/41 MP: 3/3
  2149 | D:3      | Noticed Terence
  2166 | D:3      | Killed Terence
  2167 | D:3      | Reached skill level 5 in Long Blades
  2483 | D:3      | Identified a scroll of acquirement
  2483 | D:3      | Acquired a manual of Armour
  2645 | D:4      | Found a sacrificial altar of Ru.
  2694 | D:4      | Reached XP level 5. HP: 40/47 MP: 4/4
  2850 | D:4      | Noticed an ogre
  2857 | D:4      | Killed an ogre
  2858 | D:4      | Reached skill level 5 in Fighting
  2858 | D:4      | Reached skill level 6 in Long Blades
  3160 | D:4      | Found a hazy altar of Hepliaklqana.
  3173 | D:4      | You fall into a shaft and drop 3 floors!
  3188 | D:6      | Noticed Pikel
  3188 | D:6      | Noticed a lemure
  3188 | D:6      | Noticed a lemure
  3188 | D:6      | Noticed a lemure
  3188 | D:6      | Noticed a lemure
  3188 | D:6      | Found a shimmering altar of Xom.
  3226 | D:6      | Found a snail-covered altar of Cheibriados.
  3247 | D:6      | Noticed a centaur
  3252 | D:6      | Noticed a wyvern
  3261 | D:5      | Entered Level 5 of the Dungeon
  3261 | D:5      | Noticed Duvessa
  3261 | D:5      | Noticed Dowan
  3274 | D:4      | HP: 1/48 [orc/+0 falchion (6)]
  3275 | D:4      | Slain by an orc priest

Illustrated notes

Levels and vault maps discovered:
D:1:      dpeg_arrival_solitude, layout_loops_cross, serial_bayou,
          serial_bayou_pond_a, serial_bayou_crossing, serial_bayou_ford_a,
          serial_bayou_pond_d, serial_bayou_pond_e
D:2:      layout_basic
D:3:      layout_loops_cross, shapermc_ecumenical_altar_gd, uniq_terence,
          uniq_robin
D:4:      layout_gridville, mainiacjoe_overflow_small_starburst,
          marbit_many_paths
D:5:      layout_cave_pools, uniq_ijyb, uniq_duvessa, uniq_menkaure
D:6:      minmay_chambers_of_sixes, layout_cave_pools, cheibriados_altar_1,
          xom_butterflies, cheibrodos_sewer_entry_bend, uniq_pikel
D:7:      layout_rooms, minmay_temple_entry_fiery

Skill      XL: |  1  2  3  4  5 |
---------------+----------------+-----
Long Blades    | 3 4 5 6 |  6.1
Fighting       | 4 5 |  5.2
Armour         | 4 |  4.7
Shields        | |  3.6

Action                   |  1- 3 |  4- 6 || total
-------------------------+-------+-------++-------
Melee: Long sword        |   117 |    96 ||   213
       Headbutt          |    17 |    16 ||    33
  Use: Scroll            |     4 |     5 ||     9
       Potion            |     1 |     3 ||     4
Armor: Scale mail        |    50 |    29 ||    79
       Chain mail        |       |    36 ||    36
Dodge: Dodged            |    64 |    47 ||   111
Block: Buckler           |    30 |    39 ||    69
